 Dungeon Crawl Stone Soup version 0.22-a0-458-gb446440 (webtiles) character file.

49 4thArraOfDagon the Charlatan (level 4, 0/28 HPs)
             Began as a Halfling Wizard on June 8, 2018.
             Was an Initiate of Zin.
             Shot with a stone by a goblin (2 damage)
             ... led by Robin
             ... on level 2 of the Dungeon.
             The game lasted 00:03:57 (809 turns).

4thArraOfDagon the Charlatan (Halfling Wizard)       Turns: 809, Time: 00:03:57

Health: 0/28       AC:  5    Str:  8    XL:     4   Next: 2%
Magic:  7/7        EV: 12    Int: 22    God:    Zin [......]
Gold:   57         SH:  0    Dex: 12    Spells: 6/7 levels left

rFire    . . .     SeeInvis .   f - +0 dagger (venom)
rCold    . . .     Gourm    .   (shield restricted)
rNeg     . . .     Faith    .   l - +0 ring mail
rPois    .         Spirit   .   b - +0 hat
rElec    .         Reflect  .   (no cloak)
rCorr    .         Harm     .   (no gloves)
MR       .....                  (no boots)
Stlth    +.........             e - amulet of rage
HPRegen  0.09/turn              (no ring)
MPRegen  0.10/turn              (no ring)

@: brilliant, berserk cooldown
A: small, mutation resistance 1
a: Donate Gold, Renounce Religion, Evoke Berserk Rage


You were on level 2 of the Dungeon.
You worshipped Zin.
Zin was noncommittal.
You were near starving.

You visited 1 branch of the dungeon, and saw 2 of its levels.

You collected 63 gold pieces.
You donated 6 gold pieces to Zin.

Inventory:

Hand Weapons
 c - a +0 dagger
 f - a +0 dagger of venom (weapon)
Armour
 b - a +0 hat (worn)
 l - a +0 ring mail (worn)
Jewellery
 e - an amulet of rage (around neck)
Wands
 a - a wand of acid (8)
Scrolls
 h - a scroll of identify {unknown}
 j - a scroll of amnesia {unknown}
 m - a scroll of remove curse {unknown}
Comestibles
 d - 3 rations
 k - 3 chunks of flesh


   Skills:
 - Level 1.0 Fighting
 - Level 2.1 Dodging
 - Level 2.1 Stealth
 - Level 2.4 Spellcasting
 - Level 0.7 Conjurations
   Level 0.7 Summonings
   Level 1.1 Translocations
 * Level 2.9 Evocations


You had 6 spell levels left.
You knew the following spells:

 Your Spells              Type           Power        Failure   Level  Hunger
a - Magic Dart            Conj           ###.         3%          1    None

Your spell library contained the following spells:

 Spells                   Type           Power        Failure   Level  Hunger
 Conjure Flame            Conj/Fire      ###.....     12%         3    ###....
 Slow                     Hex            ###.....     7%          2    ##.....
 Mephitic Cloud           Conj/Pois/Air  ###.....     12%         3    ###....
 Blink                    Tloc           N/A          4%          2    ##.....
 Call Imp                 Summ           ###.....     5%          2    ##.....


Dungeon Overview and Level Annotations

Branches:
Dungeon (2/15)

Altars:
Qazlal
Zin


Innate Abilities, Weirdness & Mutations

You are small and have problems with some larger weapons.
You are somewhat resistant to further mutation.


Message History

You barely miss the goblin.
The goblin is severely wounded.
The goblin misses you.
Unknown command.
You hit the goblin.
You kill the goblin!
Unknown command.
You barely miss the goblin. The goblin hits you with a club.
* * * LOW HITPOINT WARNING * * *
Unknown command.
Unknown command.
You barely miss the goblin. The goblin barely misses you.
Unknown command.
Unknown command.
Unknown command.
The goblin unwields an uncursed club.
The goblin wields a hunting sling.
The goblin shoots a stone.
The stone completely misses you.
Unknown command.
The goblin shoots a stone.
The stone hits you.
You die...

#......#......
#......#...... #.#
######.#...... #.#
.............. #.#
.............. #.#
........#..... #.#
######.##..... #.#
#.################.#
#g#...).g..@...(...######
#)#)#############.......#
#)g.#.. #.#####.#
#######.# #........# #.#
#.....#.#
#........#####.#
####.###.#.#
+........#.....#
.....#...#.#
#........#.#####
.##>.#...#.# #........#.#
.#...#...#.# #........#.#


You could see a goblin.

Vanquished Creatures
  Robin (D:2)
  3 leopard geckos
  2 giant cockroaches
  13 goblins
  4 hobgoblins
  3 kobolds (D:1)
  A bat (D:1)
  2 frilled lizards
  2 rats (D:1)
31 creatures vanquished.

Notes
Turn   | Place    | Note
-------+----------+-------------------------------------------
     0 | D:1      | 4thArraOfDagon the Halfling Wizard began the quest for the Orb.
     0 | D:1      | Reached XP level 1. HP: 11/11 MP: 3/3
     0 | D:1      | lets stop this madness!
   133 | D:1      | Reached skill level 1 in Fighting
   196 | D:1      | Reached XP level 2. HP: 18/18 MP: 5/5
   198 | D:1      | Reached skill level 1 in Evocations
   591 | D:2      | Found a stormy altar of Qazlal.
   633 | D:2      | Reached XP level 3. HP: 23/23 MP: 6/6
   696 | D:2      | Found a glowing silver altar of Zin.
   702 | D:2      | Became a worshipper of Zin the Law-Giver
   724 | D:2      | Noticed Robin
   776 | D:2      | Killed Robin
   800 | D:2      | Reached XP level 4. HP: 8/28 MP: 7/7
   809 | D:2      | Shot with a stone by a goblin

Vault maps used:
D:1:      kennysheep_arrival_forest
D:2:      old_standard_altar, grunt_qazlal_clouds, uniq_robin

Skill      XL: |  1  2  3 |
---------------+----------+-----
Fighting       | 1 |  1.0
Evocations     | 1 2 |  2.9
Dodging        | |  2.1
Stealth        | |  2.1
Spellcasting   | |  2.4
Conjurations   | |  0.7
Summonings     | |  0.7
Translocations | |  1.1

Action                   |  1- 3 |  4- 6 || total
-------------------------+-------+-------++-------
Melee: Dagger            |    76 |     5 ||    81
       Unarmed           |     6 |       ||     6
 Cast: Magic Dart        |    13 |       ||    13
 Abil: Evoke Berserk Rag |     2 |       ||     2
  Use: Potion            |     1 |     2 ||     3
  Eat: Chunk             |     1 |       ||     1
Armor: Robe              |     5 |       ||     5
       Ring mail         |    12 |       ||    12
Dodge: Dodged            |    58 |     4 ||    62

Table legend:
 A = Spawn XP
 B = Non-spawn XP
 C = Spawn XP percentage of total XP
 D = Spawn monster count
 E = Non-spawn monster count
 F = Spawn count percentage of total count
 G = Total turns spent on level
                    A         B        C        D         E        F      G
               +---------+---------+-------+---------+---------+-------+---------
         Total |       0 |      71 |   0.0 |       0 |      31 |   0.0 |   809
               +---------+---------+-------+---------+---------+-------+---------
           D:1 |       0 |      26 |   0.0 |       0 |      14 |   0.0 |   573
           D:2 |       0 |      45 |   0.0 |       0 |      17 |   0.0 |   236
               +---------+---------+-------+---------+---------+-------+---------
